 Dungeon Crawl Stone Soup version 0.28-a0-1038-g9c4cb8273d (webtiles) character file.

Game seed: 13509275922197985751

184303 mainiacjoe the Spry (level 18, -10/226 HPs)
             Began as a Merfolk Gladiator on Dec 8, 2021.
             Was a High Priest of Okawaru.
             Mangled by a naga warrior (14 damage)
             ... on level 4 of the Snake Pit on Dec 9, 2021.
             The game lasted 01:42:40 (34030 turns).

mainiacjoe the Spry (Merfolk Gladiator)            Turns: 34030, Time: 01:42:42

Health: -10/226    AC: 22    Str: 25    XL:     18   Next: 40%
Magic:  29/29      EV: 23    Int:  8    God:    Okawaru [*****.]
Gold:   3930       SH: 10    Dex: 21    Spells: 17/17 levels left

rFire   + . .      SeeInvis .   a - +3 demon trident (elec)
rCold   + . .      Faith    +   M - +3 buckler of Adoiten {Regen+}
rNeg    . . .      Spirit   .   h - +4 scale mail {rPois}
rPois   +          Reflect  .   c - +2 helmet
rElec   .          Harm     .   w - scarf {rC+ rF+}
rCorr   .          Rampage  .   x - +2 pair of gloves {Str+3}
Will    ++...                   A - +1 pair of boots
Stlth   ..........              n - amulet of faith
HPRegen 1.27/turn               Y - +6 ring of dexterity
MPRegen 0.21/turn               f - ring of willpower

@: berserking (expiring), heroic, hasted and slowed, constricted, studying 3
skills
A: (nimble swimmer 2), mertail
a: Renounce Religion, Heroism, Finesse, Duel


You were on level 4 of the Snake Pit.
You worshipped Okawaru.
Okawaru was extremely pleased with you.
You visited 5 branches of the dungeon, and saw 28 of its levels.
You also visited: Gauntlet.

You collected 4686 gold pieces.
You spent 756 gold pieces at shops.

Inventory:

Hand Weapons
 a - a +3 demon trident of electrocution (weapon)
 b - the +10 hunting sling of Joyful Slaughter {venom, MP+9}
   (You acquired it on level 4 of the Snake Pit)

   Any ammunition fired from it poisons the flesh of those it strikes.
   MP:        It affects your magic capacity (+9).
Missiles
 d - 5 throwing nets {=F}
 g - 759 stones
 p - 379 sling bullets
 u - 92 poisoned darts
 v - 9 javelins
 z - 5 silver javelins
 D - 17 boomerangs (quivered)
 L - 3 curare-tipped darts {=F}
 R - 4 datura-tipped darts {=F}
Armour
 c - a +2 helmet (worn)
 h - a +4 scale mail of poison resistance (worn)
 w - a scarf of resistance (worn)
 x - a +2 pair of gloves of strength (worn)
 A - a +1 pair of boots (worn)
 M - the +3 buckler of Adoiten (worn) {Regen+}
   (Okawaru gifted it to you on level 5 of the Lair of Beasts)

   Regen:     It increases your rate of health regeneration.
Jewellery
 f - a ring of willpower (right hand)
 i - the ring of the Philosopher {rC+ Int+2}
   (You found it in a Gauntlet)

   [ring of protection from cold]

   Int:       It affects your intelligence (+2).
   rC:        It protects you from cold.
 n - an amulet of faith (around neck)
 U - a ring of see invisible
 Y - a +6 ring of dexterity (left hand)
Wands
 y - a wand of iceblast (12)
 B - a wand of mindburst (17)
 G - a wand of digging (12)
 P - a wand of acid (10)
 S - a wand of polymorph (16)
 X - a wand of paralysis (1)
Scrolls
 s - 5 scrolls of vulnerability
 t - 12 scrolls of teleportation
 C - 2 scrolls of silence
 E - 3 scrolls of blinking
 F - 4 scrolls of immolation
 H - 2 scrolls of fog
 J - 2 scrolls of holy word
 Q - 3 scrolls of magic mapping
Potions
 k - 15 potions of curing
 l - 6 potions of lignification
 m - 3 potions of might
 o - 3 potions of cancellation
 q - 3 potions of flight
 r - a potion of invisibility
 K - a potion of ambrosia
 O - 4 potions of attraction
 V - 3 potions of heal wounds
 W - a potion of haste
 Z - 2 potions of resistance
Miscellaneous
 e - a phial of floods
 j - a condenser vane
 I - a lightning rod (4/4)
 T - a piece from Xom's chessboard (15/15)


   Skills:
 + Level 16.0(21.0) Fighting
 - Level 14.0(19.0) Polearms
 - Level 11.9(17.0) Slings
 - Level 2.0(14.3) Throwing
 + Level 6.9(11.9) Armour
 + Level 17.1(22.1) Dodging
 - Level 5.0(10.0) Stealth
 - Level 4.0(9.0) Shields
 - Level 15.0 Invocations
 - Level 10.0 Evocations


You had 17 spell levels left.
You didn't know any spells.
Your spell library contained the following spells:

 Spells                   Type           Power      Damage    Failure   Level
 Beastly Appendage        Tmut           0%         N/A       63%         1
 Pain                     Necr           0%         1d4       63%         1
 Scorch                   Fire           0%         2d5       77%         2
 Wereblood                Tmut           0%         N/A       77%         2
 Frozen Ramparts          Ice            0%         1d2       94%         3
 Gell's Gravitas          Tloc           0%         N/A       94%         3
 Lesser Beckoning         Tloc           0%         N/A       94%         3
 Spider Form              Tmut/Pois      0%         N/A       94%         3
 Stone Arrow              Conj/Erth      0%         3d7       94%         3
 Teleport Other           Tloc           0%         N/A       94%         3
 Vampiric Draining        Necr           0%         2d6       94%         3
 Flame Wave               Conj/Fire      0%         2d4       100%        4
 Fulminant Prism          Conj/Hex       0%         3d6       100%        4
 Ice Form                 Ice/Tmut       0%         N/A       100%        4
 Iskenderun's Mystic Bla  Conj/Tloc      0%         2d3       100%        4
 Passage of Golubria      Tloc           0%         N/A       100%        4
 Alistair's Intoxication  Tmut/Pois      0%         N/A       100%        5
 Borgnjor's Vile Clutch   Necr/Erth      0%         N/A       100%        5
 Lee's Rapid Deconstruct  Erth           0%         3d5*      100%        5
 Silence                  Hex/Air        0%         N/A       100%        5
 Eringya's Noxious Bog    Tmut/Pois      0%         N/A       100%        6
 Lehudib's Crystal Spear  Conj/Erth      0%         10d2      100%        8
 Animate Skeleton         Necr           Unusable   N/A       N/A         1
 Animate Armour           Summ/Erth      Unusable   N/A       N/A         4
 Summon Ice Beast         Ice/Summ       Unusable   N/A       N/A         4
 Summon Cactus Giant      Summ           Unusable   N/A       N/A         6

Dungeon Overview and Level Annotations

Branches:
Dungeon (15/15)            Temple (1/1) D:5            Lair (6/6) D:8
 Shoals (0/4) Lair:4        Snake (4/4) Lair:3        Slime (0/5) Lair:5
    Orc (2/2) D:10            Elf (0/3) Orc:2        Vaults (0/5) D:14
 Depths (0/4) D:15        Gauntlet (visited)

Altars:
Ashenzari
Cheibriados
Dithmenos
Elyvilon
Fedhas
Gozag
Hepliaklqana
Kikubaaqudgha
Makhleb
Nemelex Xobeh
Okawaru
Qazlal
Ru
Sif Muna
Trog
Uskayaw
Vehumet
Wu Jian
Xom
Yredelemnul
Zin
The Shining One
Beogh
Lugonu

Shops:
D:13 *   Orc:2 [(=*

Annotations:
D:10 1 runed translucent door, dig vault
Orc:1 Saint Roka


Innate Abilities, Weirdness & Mutations

((You are quick and stealthy near water. (Stealth+, EV+, Speed+++)))
Your lower body shifts to a powerful aquatic tail in water.


Message History

You resist with almost no effort.
You puncture the guardian serpent!
You kill the guardian serpent!
Okawaru accepts your kill. The naga warrior completely misses you.
You barely miss the nagaraja.
You are no longer firmly anchored in space.
The naga warrior hits you from afar with a +0 glaive!
* * * LOW HITPOINT WARNING * * *
You puncture the nagaraja! Lightning courses through the nagaraja!
The nagaraja is moderately wounded.
The naga mage shouts!
The naga warrior completely misses you. The naga warrior barely misses you.
You see here a guardian serpent corpse.
You completely miss the naga warrior.
The naga warrior is heavily wounded.
The nagaraja completely misses you. The nagaraja grabs you.
The nagaraja constricts you.
* * * LOW HITPOINT WARNING * * *
You block the naga warrior's attack.
The naga mage points at the naga warrior and mumbles some strange words.
The naga warrior seems to grow toxic.
You are too injured to fight recklessly!
Unknown command.
You impale the naga warrior!!
The naga warrior is severely wounded.
You barely miss the naga warrior.
The naga warrior is severely wounded.
The naga warrior spits poison at you. The splash of poison hits you.
* * * LOW HITPOINT WARNING * * *
The nagaraja misses you. The nagaraja constricts you.
* * * LOW HITPOINT WARNING * * *
You hit the naga warrior.
Lightning courses through the naga warrior!
The naga warrior is almost dead.
The nagaraja mumbles some strange words.
The nagaraja seems to speed up.
The nagaraja constricts you.
The naga warrior hits you with a +0 glaive!
You die...

#.#####...§.§..#.§..≈§.
##.#...).....≈.≈#§§..#≈§
#####..#.......#.≈.≈≈....≈≈.
######...#..#.........#....§≈....
#........##.'....<....####≈≈##≈≈#
##......#.#.#..................).
#........#.#.......##[..()(.####
#........#.###N..##.#.....[.#
##......#'#...##@###'#....)..#
#......#.#...N..N.........).†####
##########.....................!.
#...............####'#....))#####
#§§§§§§..†.######....#......##
#§§§§§.....#...#.....#.......#
#§§§§§.....#.........#.......#
#§N§§§§....#.........#..../###
#.§§§§.....##........##...[#


You could see a naga warrior (curare, catching breath), a nagaraja (fast,
strong) and a naga mage (strong).

Vanquished Creatures
  Vashnia (Arena)
  2 nagarajas
  Aizul (Snake:4)
  A stone giant (D:15)
  Snorg (D:13)
  A great orb of eyes (Gauntlet)
  14 naga warriors
  3 boulder beetles
  A salamander tyrant (Snake:4)
  9 anacondas
  3 catoblepae
  A merfolk avatar (Lair:6)
  A two-headed ogre (D:7)
  10 hydras
  A death knight (D:13)
  A death scarab (Gauntlet)
  2 tengu warriors (D:15)
  4 death yaks
  An orc high priest (Orc:2)
  4 centaur warriors
  Urug (D:10)
  9 naga sharpshooters
  4 shock serpents
  Nergalle (D:10)
  A spectral death yak (Gauntlet)
  5 skeletal warriors
  7 salamander mystics
  3 sea snakes (Snake:2)
  A phantasmal warrior (D:13)
  3 naga ritualists
  A glowing orange brain (Snake:2)
  5 orc knights
  4 deep elf pyromancers
  5 mana vipers
  A salamander (shapeshifter) (D:14)
  33 salamanders
  A faun (shapeshifter) (D:14)
  7 cyclopes
  3 oklob plants
  6 orc sorcerers
  A faun (Snake:2)
  6 manticores
  8 ugly things
  19 elephants
  6 guardian serpents
  35 black mambas
  8 naga magi
  A merfolk siren (Lair:4)
  17 cane toads
  A torpor snail (Lair:6)
  2 gargoyles
  Maurice (D:12)
  5 rime drakes
  A yaktaur (shapeshifter) (D:14)
  3 yaktaurs (D:15)
  5 kobold demonologists
  A tengu conjurer (D:14)
  2 freezing wraiths
  18 komodo dragons
  3 merfolk (Lair:4)
  A wind drake (Lair:6)
  5 polar bears
  A meliai (shapeshifter) (D:15)
  9 trolls
  2 hornets
  9 slime creatures
  Grinder (D:4)
  5 blink frogs
  4 wraiths
  65 yaks
  3 fire bats (Gauntlet)
  6 wyverns
  A steam dragon (D:7)
  2 humans (D:9)
  A hog (shapeshifter) (D:15)
  5 vampire mosquitoes (D:12)
  3 basilisks
  2 wargs (Orc:2)
  34 nagas
  4 acid dragons
  14 water moccasins
  2 ice beasts
  5 black bears
  2 hornet zombies
  33 orc warriors
  9 ogres
  A wolf (Lair:3)
  6 centaurs
  2 phantoms
  6 kobold brigands
  A gnoll sergeant (D:7)
  A scorpion (D:5)
  12 bullfrogs
  2 water moccasin zombies
  A wyvern skeleton (D:6)
  4 killer bees
  5 wights (D:9)
  6 howler monkeys
  An electric eel (Snake:2)
  2 centaur zombies (D:7)
  5 lava snakes
  A bullfrog skeleton (D:6)
  2 gnoll shamans
  12 orc priests
  4 hounds
  A jelly (D:6)
  2 centaur skeletons
  Terence (D:2)
  4 iguanas
  29 orc wizards
  A killer bee zombie (D:8)
  A hound skeleton (D:5)
  A howler monkey zombie (D:9)
  8 gnolls
  A howler monkey skeleton (D:5)
  5 adders
  4 white imps
  An adder skeleton (D:4)
  A worm (D:3)
  5 dart slugs
  60 orcs
  4 ball pythons
  3 endoplasms
  5 giant cockroaches
  3 goblins
  5 hobgoblins
  4 jackals (D:2)
  27 kobolds
  4 quokkas
  2 bats
  A frilled lizard (D:3)
  2 quokka skeletons (D:4)
  5 rats
798 creatures vanquished.

Vanquished Creatures (others)
  A demonic plant (D:12)
  34 fungi
  62 plants
97 creatures vanquished.

Grand Total: 895 creatures vanquished

Notes
Turn   | Place    | Note
-------+----------+-------------------------------------------
     0 | D:1      | mainiacjoe the Merfolk Gladiator began the quest for the
                  | Orb.
     0 | D:1      | Reached XP level 1. HP: 16/16 MP: 1/1
   161 | D:1      | Reached XP level 2. HP: 23/23 MP: 2/2
   907 | D:2      | Reached skill level 5 in Polearms
  1232 | D:2      | Noticed Terence
  1627 | D:2      | Reached XP level 3. HP: 26/28 MP: 3/3
  1710 | D:2      | Found a faded altar of an unknown god.
  1928 | D:2      | Killed Terence
  1929 | D:2      | Reached XP level 4. HP: 35/35 MP: 4/4
  2047 | D:3      | Noticed a black bear
  2065 | D:3      | Killed a black bear
  2066 | D:3      | Reached skill level 5 in Dodging
  2066 | D:3      | Reached XP level 5. HP: 19/41 MP: 5/5
  2748 | D:4      | Noticed Grinder
  2749 | D:4      | Paralysed by Grinder for 3 turns
  2774 | D:3      | Reached skill level 1 in Shields
  2774 | D:3      | Reached XP level 6. HP: 47/48 MP: 6/6
  2793 | D:4      | Paralysed by Grinder for 3 turns
  2800 | D:4      | Killed Grinder
  2966 | D:4      | Noticed a +0 dagger
  2966 | D:4      | Noticed a +0 falchion
  2966 | D:4      | Noticed a +0 falchion
  2967 | D:4      | Noticed a +0 short sword
  2969 | D:4      | Noticed a +0 spear
  2969 | D:4      | Noticed a +0 spear
  2969 | D:4      | Noticed a +0 dagger
  2971 | D:4      | Noticed a +0 short sword
  2976 | D:4      | Found a hide-covered altar of Uskayaw.
  3015 | D:4      | Reached XP level 7. HP: 22/54 MP: 7/7
  3233 | D:4      | Reached skill level 6 in Dodging
  3491 | D:5      | Entered Level 5 of the Dungeon
  3491 | D:5      | Noticed a troll
  3499 | D:5      | Killed a troll
  3634 | D:5      | Reached XP level 8. HP: 22/61 MP: 8/8
  4197 | D:4      | Reached skill level 5 in Fighting
  4424 | D:5      | Found a broken altar of Ashenzari.
  4530 | D:5      | Noticed a yak
  4579 | D:5      | Reached skill level 10 in Polearms
  4579 | D:5      | Reached skill level 7 in Dodging
  4582 | D:5      | Killed a yak
  4708 | D:5      | Noticed a yak
  4721 | D:5      | Noticed a yak
  4743 | D:4      | Killed a yak
  4908 | D:5      | Found a basalt altar of Yredelemnul.
  5013 | D:5      | Found a staircase to the Ecumenical Temple.
  5019 | Temple   | Entered the Ecumenical Temple
  5626 | D:5      | Reached XP level 9. HP: 69/69 MP: 9/9
  5679 | D:5      | Reached skill level 8 in Dodging
  5941 | D:6      | Noticed a manticore
  5952 | D:6      | Killed a manticore
  5973 | D:6      | Reached skill level 9 in Dodging
  6632 | D:6      | Found a bloodstained altar of Trog.
  7054 | D:7      | Noticed a troll
  7077 | D:7      | Reached skill level 1 in Slings
  7099 | D:7      | Killed a troll
  7100 | D:7      | Reached XP level 10. HP: 51/79 MP: 10/10
  7312 | D:7      | Noticed a six-headed hydra
  7312 | D:7      | Noticed a two-headed ogre
  7312 | D:7      | Noticed a tengu warrior
  7413 | D:7      | Reached skill level 10 in Dodging
  7791 | D:7      | Killed a two-headed ogre
  8258 | D:7      | Noticed a deep elf pyromancer
  8263 | D:7      | Killed a deep elf pyromancer
  8335 | D:7      | Reached XP level 11. HP: 69/90 MP: 11/11
  8501 | D:7      | Found a shimmering altar of Xom.
  8501 | D:7      | Found a shimmering altar of Xom.
  8501 | D:7      | Found a shimmering altar of Xom.
  8502 | D:7      | Found a shimmering altar of Xom.
  8502 | D:7      | Found a shimmering altar of Xom.
  8503 | D:7      | Found a shimmering altar of Xom.
  8959 | D:7      | Noticed a goliath frog
  9146 | D:8      | Reached skill level 5 in Slings
  9321 | D:8      | Reached skill level 10 in Fighting
  9491 | D:8      | Noticed a four-headed hydra
  9501 | D:8      | Killed a four-headed hydra
  9502 | D:8      | Reached skill level 1 in Stealth
  9570 | D:8      | Noticed a cyclops
  9811 | D:8      | Found a staircase to the Lair.
 10049 | D:9      | Found an iron altar of Okawaru.
 10088 | D:9      | Became a worshipper of Warmaster Okawaru
 10435 | D:9      | Reached skill level 5 in Stealth
 10448 | D:9      | Reached skill level 1 in Invocations
 10652 | D:9      | Reached * piety under Okawaru
 10836 | D:10     | Entered Level 10 of the Dungeon
 10882 | D:10     | Reached skill level 5 in Invocations
 10988 | D:10     | Reached ** piety under Okawaru
 11080 | D:10     | Found a shimmering blue altar of Sif Muna.
 11080 | D:10     | Found an ornate altar of the Wu Jian Council.
 11093 | D:10     | Noticed Urug
 11122 | D:10     | Found a runed translucent door.
 11123 | D:10     | Found a burning altar of Makhleb.
 11123 | D:10     | Noticed a sixfirhy
 11198 | D:10     | Noticed Nergalle
 11211 | D:10     | Noticed a spectral orc warlord
 11219 | D:10     | Killed Nergalle
 11288 | D:10     | Found a staircase to the Orcish Mines.
 11327 | D:10     | Found a blossoming altar of Fedhas.
 11331 | D:10     | Found a hazy altar of Hepliaklqana.
 11336 | D:10     | Found a sparkling altar of Nemelex Xobeh.
 11549 | D:10     | Killed Urug
 11692 | D:10     | Found a glowing silver altar of Zin.
 11845 | Lair:1   | Entered Level 1 of the Lair of Beasts
 11920 | Lair:1   | You fall into a shaft and drop 1 floor!
 11952 | Lair:2   | Noticed a four-headed hydra
 11960 | Lair:2   | Found a gate leading to a gauntlet.
 11972 | Lair:2   | Killed a four-headed hydra
 11973 | Lair:2   | Reached XP level 12. HP: 54/97 MP: 15/17
 11992 | Gauntlet | Entered a Gauntlet
 11992 | Gauntlet | Found a transporter.
 11992 | Gauntlet | Found a transporter.
 12014 | Gauntlet | Found a transporter.
 12017 | Gauntlet | Found a transporter.
 12017 | Gauntlet | Found a transporter.
 12017 | Gauntlet | Found a transporter.
 12019 | Gauntlet | Found a large runed translucent door.
 12020 | Gauntlet | Found a large runed translucent door.
 12021 | Gauntlet | Found a large runed translucent door.
 12021 | Gauntlet | Found a large runed translucent door.
 12021 | Gauntlet | Found a runed translucent door.
 12022 | Gauntlet | Found a large runed translucent door.
 12023 | Gauntlet | Found a large runed translucent door.
 12024 | Gauntlet | Found a large runed translucent door.
 12024 | Gauntlet | Found a large runed translucent door.
 12025 | Gauntlet | Found a runed translucent gate.
 12031 | Gauntlet | Found a transporter.
 12031 | Gauntlet | Found a transporter.
 12033 | Gauntlet | Noticed a death scarab
 12033 | Gauntlet | Noticed a death scarab
 12035 | Gauntlet | Noticed a death scarab
 12037 | Gauntlet | Noticed a great orb of eyes
 12041 | Gauntlet | Found a transporter.
 12134 | Gauntlet | Found a large runed translucent door.
 12135 | Gauntlet | Found a large runed translucent door.
 12136 | Gauntlet | Found a large runed translucent door.
 12136 | Gauntlet | Found a large runed translucent door.
 12136 | Gauntlet | Found a runed translucent door.
 12137 | Gauntlet | Found a large runed translucent door.
 12138 | Gauntlet | Found a large runed translucent door.
 12139 | Gauntlet | Found a large runed translucent door.
 12139 | Gauntlet | Found a large runed translucent door.
 12140 | Gauntlet | Found a runed translucent gate.
 12140 | Gauntlet | Found a runed translucent gate.
 12142 | Gauntlet | Found a transporter.
 12146 | Gauntlet | Found a transporter.
 12156 | Gauntlet | Found a transporter.
 12367 | Gauntlet | Reached *** piety under Okawaru
 12513 | Gauntlet | Killed a death scarab
 12524 | Gauntlet | Identified the ring of the Philosopher {rC+ Int+2}
 12620 | Gauntlet | Identified the amulet of the Gloaming {Acrobat Int+2}
 12623 | Gauntlet | Identified the +2 battleaxe of Taevorif {venom, rCorr
                  | Str+3}
 12643 | Gauntlet | Killed a great orb of eyes
 12701 | Gauntlet | Noticed a minotaur
 12722 | Gauntlet | Identified the +1 ice dragon scales of Qamuij {rF- rC++ rN+
                  | Will+ Int-3}
 13679 | Lair:1   | Received a gift from Okawaru
 13695 | Lair:1   | Reached **** piety under Okawaru
 13832 | Lair:1   | Received a gift from Okawaru
 14968 | Lair:2   | Reached skill level 10 in Invocations
 15040 | Lair:3   | Reached ***** piety under Okawaru
 15054 | Lair:3   | Noticed a six-headed hydra
 15059 | Lair:3   | Killed a six-headed hydra
 15102 | Lair:3   | Noticed a catoblepas
 15136 | Lair:3   | Reached XP level 13. HP: 87/104 MP: 20/20
 15329 | Lair:3   | Reached skill level 11 in Dodging
 15342 | Lair:3   | Found a staircase to the Snake Pit.
 15577 | Lair:3   | Received a gift from Okawaru
 15740 | Lair:3   | Received a gift from Okawaru
 16470 | Lair:4   | Received a gift from Okawaru
 16471 | Lair:4   | Reached skill level 12 in Dodging
 16547 | Lair:4   | Found a staircase to the Shoals.
 18017 | Lair:5   | Received a gift from Okawaru
 18079 | Lair:4   | Reached ****** piety under Okawaru
 18080 | Lair:4   | Reached skill level 13 in Dodging
 18091 | Lair:4   | Reached XP level 14. HP: 116/116 MP: 23/23
 18247 | Lair:5   | Found a staircase to the Slime Pits.
 18276 | Lair:5   | Identified the +3 buckler of Adoiten {Regen+} (Okawaru
                  | gifted it to you on level 5 of the Lair of Beasts)
 18276 | Lair:5   | Received a gift from Okawaru
 18825 | Lair:6   | Entered Level 6 of the Lair of Beasts
 18938 | Lair:6   | Identified a scroll of acquirement
 18939 | Lair:6   | Acquired the +18 shield of the Gong {rElec rN+ Will+ EV-5}
 18939 | Lair:6   | Found the +18 shield of the Gong {rElec rN+ Will+ EV-5}
 19294 | Lair:6   | Reached skill level 10 in Slings
 19489 | Lair:6   | Received a gift from Okawaru
 19500 | Lair:6   | Received a gift from Okawaru
 20343 | Arena    | Entered the Arena
 20350 | Arena    | Received a gift from Okawaru
 20675 | D:11     | Reached skill level 1 in Evocations
 20894 | D:11     | Received a gift from Okawaru
 21334 | D:12     | Reached XP level 15. HP: 123/123 MP: 24/24
 21364 | D:12     | Acquired 815 gold pieces
 21514 | D:12     | Found a corrupted altar of Lugonu.
 21667 | D:12     | Acquired 1038 gold pieces
 21896 | Orc:1    | Entered Level 1 of the Orcish Mines
 22033 | Orc:2    | Entered Level 2 of the Orcish Mines
 22051 | Orc:2    | Reached XP level 16. HP: 130/130 MP: 25/25
 22771 | Orc:2    | Noticed Saint Roka
 23508 | Orc:2    | Found Ungomeb's Antique Weapon Shop.
 23526 | Orc:2    | Found Xuipur's Antique Armour Shop.
 23535 | Orc:2    | Found Ladghungu's Jewellery Shop.
 23541 | Orc:2    | Found Hewugre's General Store.
 23578 | Orc:2    | Bought a potion of heal wounds for 75 gold pieces
 23578 | Orc:2    | Bought 18 sling bullets for 135 gold pieces
 23578 | Orc:2    | Bought a scroll of teleportation for 45 gold pieces
 23578 | Orc:2    | Bought a scroll of identify for 30 gold pieces
 23595 | Orc:2    | Bought a ring of see invisible for 165 gold pieces
 23622 | Orc:2    | Found a staircase to the Elven Halls.
 23700 | Orc:2    | Bought an ichor-stained scale mail for 306 gold pieces
 23700 | Orc:2    | Identified the +1 scale mail "Qounesiso" {rCorr} (You
                  | bought it in a shop on level 2 of the Orcish Mines)
 23947 | D:13     | Noticed Maurice
 23979 | D:12     | Killed Maurice
 24193 | D:13     | Noticed Snorg
 24216 | D:13     | Killed Snorg
 24358 | D:13     | Found Ulot's Demolitions Depot.
 24365 | D:13     | Reached skill level 10 in Evocations
 24432 | D:13     | Received a gift from Okawaru
 24612 | D:13     | Received a gift from Okawaru
 24945 | D:14     | Reached skill level 1 in Armour
 25283 | D:13     | Received a gift from Okawaru
 25759 | D:14     | Found a gate to the Vaults.
 25993 | D:15     | Entered Level 15 of the Dungeon
 26063 | D:15     | Found a sparkling altar of Nemelex Xobeh.
 26935 | D:15     | Found a staircase to the Depths.
 26947 | D:15     | Reached skill level 14 in Dodging
 27128 | D:15     | Upgraded the game from 0.28-a0-1033-g1a2f33fa85 to
                  | 0.28-a0-1038-g9c4cb8273d
 27497 | Snake:1  | Entered Level 1 of the Snake Pit
 28748 | Snake:1  | Reached XP level 17. HP: 138/138 MP: 27/27
 28870 | Snake:1  | Received a gift from Okawaru
 28977 | Snake:1  | Received a gift from Okawaru
 29190 | Snake:1  | Received a gift from Okawaru
 29856 | Snake:2  | Identified the +10 trident of Accord {distort, Str-2 Dex+4}
                  | (Okawaru gifted it to you on level 2 of the Snake Pit)
 29856 | Snake:2  | Received a gift from Okawaru
 30023 | Snake:2  | Reached skill level 15 in Dodging
 30685 | Snake:3  | Received a gift from Okawaru
 30781 | Snake:3  | Received a gift from Okawaru
 30864 | Snake:3  | Reached skill level 5 in Armour
 31067 | Snake:3  | Received a gift from Okawaru
 31336 | Snake:3  | Reached skill level 15 in Fighting
 31336 | Snake:3  | Reached skill level 15 in Invocations
 31617 | Snake:3  | Reached skill level 16 in Dodging
 32171 | Snake:4  | Entered Level 4 of the Snake Pit
 32294 | Snake:4  | Noticed Aizul
 32320 | Snake:4  | Killed Aizul
 32326 | Snake:4  | Reached XP level 18. HP: 71/149 MP: 29/29
 32611 | Snake:4  | Acquired the +10 hunting sling of Joyful Slaughter {venom,
                  | MP+9}
 32962 | Snake:4  | Received a gift from Okawaru
 33179 | Snake:4  | Acquired a +2 bardiche of flaming
 33236 | Snake:4  | Noticed Vashnia
 33286 | Snake:4  | Received a gift from Okawaru
 33323 | Arena    | Entered the Arena
 33351 | Arena    | Killed Vashnia
 33351 | Arena    | Received a gift from Okawaru
 33902 | Snake:4  | Reached skill level 17 in Dodging
 33995 | Snake:4  | HP: 3/151 [naga warrior (23)]
 34024 | Snake:4  | HP: 11/226 [naga warrior (14)]
 34029 | Snake:4  | HP: 9/226 [naga warrior/splash of poison (3)]
 34029 | Snake:4  | HP: 3/226 [constriction (6)]
 34030 | Snake:4  | Mangled by a naga warrior

Illustrated notes

Levels and vault maps discovered:
D:1:      grunt_arrival_lava_bath, layout_basic, serial_glass, glass_columns_c,
          glass_columns_c, glass_columns_c, glass_columns_c, glass_columns_a,
          glass_columns_b, glass_columns_c, glass_columns_b
D:2:      layout_basic, basic_ecumenical_altar, uniq_terence
D:3:      layout_rooms
D:4:      layout_cave_pools, nicolae_uskayaw_en_pointe, minmay_misc_feat_five,
          uniq_grinder
D:5:      layout_cave_pools, mainiacjoe_overflow_alcove_1,
          nicolae_ashenzari_skybound, minmay_temple_entry_hall
D:6:      layout_loops_ring, mainiacjoe_overflow_tiny_flanked,
          chequers_decorated_corner
D:7:      nzn_winding_woodlands_cross
          [nzn_winding_woodlands_5x15_pathside_ponds,
          nzn_winding_woodlands_5x15_split_checker,
          nzn_winding_woodlands_5x15_jagged, nzn_winding_woodlands_5x15_cabin,
          nzn_winding_woodlands_15x15_killbox], layout_basic, xom_shifter_show,
          minmay_manual_moon
D:8:      minmay_cornered_nines, layout_rooms, lair_entry_dummy,
          nicolae_figureground_pulse
D:9:      layout_roguey, okawaru_humans
D:10:     layout_irregular_city, zin_scriptorium,
          minmay_overflow_temple_star_quad, nzn_makhleb_speed_demon,
          gammafunk_temple_overflow_elements, uniq_nergalle, uniq_urug
D:11:     layout_rooms, chequers_arboretum
D:12:     kennysheep_kobold_lugonu_temple, layout_rooms
D:13:     layout_loops_ring, nicolae_blasting_shop, serial_bayou_pond_a,
          uniq_snorg, uniq_maurice
D:14:     layout_rooms, david_vaults_2, wad_floor_pattern_2
D:15:     grunt_enter_depths_snipers, layout_loops_corners,
          nemelex_xobeh_ov_fountains_minmay
Temple:   jpeg_temple_island
Lair:1:   layout_small_grid, minivault_26, minmay_lair_oklob_items
Lair:2:   layout_regular_city, gauntlet_entry_generic
Lair:3:   layout_loops_ring, guppyfry_snake_entry_island, nzn_random_ring
Lair:4:   layout_layer_cave, elwin_shoals_entry_stream
Lair:5:   layout_gridlike, minmay_slime_entry_oklob_enclosed,
          grunt_forest_small_clearings
Lair:6:   gammafunk_lair_ancient_temple, layout_misc_corridors
Snake:1:  layout_honeycomb, nicolae_snake_salamander_zone
Snake:2:  layout_misc_corridors, nrook_guardian_serpent_double,
          serial_bayou_shore_a
Snake:3:  layout_concentric_octagons, st_stairs_8, nicolae_snake_linked_coils,
          nicolae_snake_gridmaze_spiral, grunt_megastairs_2, lemuel_fruit_tree
Snake:4:  grunt_snake_rune_serpentine_throne, layout_cave_town,
          nicolae_snake_salamander_fort, grunt_megastairs_5, uniq_aizul,
          uniq_vashnia, uniq_asterion
Orc:1:    layout_diamond_mine
Orc:2:    grunt_orc_cross, layout_diamond_mine

Skill      XL: |  1  2  3  4  5  6  7  8  9 10 11 12 13 14 15 16 17 18 |
---------------+-------------------------------------------------------+-----
Polearms       | 5 6 7 8 9 11 13 14 | 14.0
Fighting       | 3 4 6 7 9 10 12 13 15 16 | 16.0
Dodging        | 5 6 7 9 10 13 14 16 17 | 17.1
Shields        | 1 2 3 4 |  4.0
Slings         | 1 4 7 8 11 | 11.9
Stealth        | 5 |  5.0
Invocations    | 6 10 12 13 15 | 15.0
Evocations     | 6 7 10 | 10.0
Armour         | 3 5 6 |  6.9
Throwing       | |  2.0

Action                   |  1- 3 |  4- 6 |  7- 9 | 10-12 | 13-15 | 16-18 || total
-------------------------+-------+-------+-------+-------+-------+-------++-------
Melee: Trident           |    80 |    75 |   340 |   749 |   589 |   243 ||  2076
       Tailslap          |       |       |       |       |    35 |     2 ||    37
       Demon trident     |       |       |       |       |       |   683 ||   683
 Fire: Hunting sling     |    35 |    55 |    41 |       |   286 |  1001 ||  1418
       Fustibalus        |       |       |    37 |   319 |    79 |       ||   435
Throw: Stone             |    21 |     3 |    21 |    12 |       |       ||    57
       Dart              |       |       |       |     1 |       |       ||     1
       Boomerang         |       |       |       |    29 |    25 |    80 ||   134
       Throwing net      |       |       |       |     2 |       |       ||     2
Invok: Heroism           |       |       |       |     5 |     8 |     9 ||    22
       Finesse           |       |       |       |       |     1 |     4 ||     5
       Duel              |       |       |       |       |     1 |     1 ||     2
Evoke: Phial of floods   |       |       |       |     1 |       |       ||     1
       Wand              |       |       |       |       |       |    10 ||    10
       Condenser vane    |       |       |       |       |       |     3 ||     3
  Use: Scroll            |     2 |     1 |     5 |    23 |    12 |    10 ||    53
       Potion            |     1 |       |     5 |     5 |     1 |     6 ||    18
 Stab: Sleeping          |     1 |       |       |     2 |     2 |     5 ||    10
       Held in net/web   |       |       |       |     2 |       |       ||     2
       Paralysed         |       |       |       |       |       |     1 ||     1
Armor: Scale mail        |    14 |       |       |       |     1 |    70 ||    85
       Ring mail         |    23 |    36 |    93 |     1 |       |       ||   153
       Troll leather arm |       |       |       |   107 |    79 |    64 ||   250
       Leather armour    |       |       |       |    10 |       |       ||    10
       Acid dragon scale |       |       |       |       |     1 |       ||     1
Dodge: Dodged            |    45 |    38 |   175 |   365 |   259 |   447 ||  1329
Block: Buckler           |       |    14 |   109 |   175 |   133 |   280 ||   711

Table legend: (Time is in decaauts)
 A = Elapsed time spent in this place.
 B = Non-inter-level travel time spent in this place.
 C = Inter-level travel time spent in this place.
 D = Time resting spent in this place.
 E = Time spent auto-exploring this place.
 F = Levels seen in this place.
 G = Mean time per level.
                   A        B        C        D        E       F      G
               +--------+--------+--------+--------+--------+-----+--------+
         Total |  32151 |  29485 |   2666 |   3063 |  18758 |  31 | 1037.1 |
       Dungeon |  16494 |  14675 |   1819 |   1898 |   9153 |  15 | 1099.6 |
        Temple |    325 |    292 |     33 |      0 |    287 |   1 |  325.0 |
          Lair |   7194 |   6618 |    576 |    237 |   4632 |   6 | 1199.0 |
     Snake Pit |   5512 |   5378 |    134 |    388 |   3590 |   4 | 1378.0 |
  Orcish Mines |   1850 |   1747 |    103 |    303 |    941 |   2 |  925.0 |
      Gauntlet |    709 |    709 |      0 |    223 |    153 |   1 |  709.0 |
         Arena |     64 |     64 |      0 |     12 |      0 |   2 |   32.0 |
               +--------+--------+--------+--------+--------+-----+--------+

Top non-repeatable levels by time:
     D:7: 2007 daAuts
     D:5: 1678 daAuts
 Snake:4: 1657 daAuts
 Snake:1: 1590 daAuts
 Snake:3: 1502 daAuts
  Lair:4: 1499 daAuts
  Lair:1: 1361 daAuts
   Orc:2: 1270 daAuts
    D:10: 1207 daAuts
     D:4: 1175 daAuts
     D:1: 1166 daAuts
  Lair:3: 1165 daAuts
     D:8: 1159 daAuts
    D:15: 1142 daAuts
  Lair:5: 1141 daAuts
